 Dungeon Crawl Stone Soup version 0.28.0-45-g0d030f2227 (console) character file.

Game seed: 2328895447793581157

7327 Banquo the Thaumaturge (level 11, -8/78 HPs)
             Began as a Djinni Fire Elementalist on Apr 20, 2022.
             Was an Initiate of Gozag.
             Killed from afar by a manticore (17 damage)
             ... with a volley of spikes
             ... on level 9 of the Dungeon.
             The game lasted 00:56:58 (13298 turns).

Banquo the Thaumaturge (Djinni Fire Elementalist)  Turns: 13298, Time: 00:56:58

Health: -8/78      AC: 11    Str:  7    XL:     11   Next: 35%
Gold:   2151       EV: 14    Int: 29    God:    Gozag SH:  0 Dex: 15

rFire   + + .      SeeInvis .   b - +2 trident (freeze)
rCold   . . .      Faith    .   (no shield)
rNeg    . . .      Spirit   .   d - +3 leather armour {rC+}
rPois   ∞          Reflect  .   h - +2 hat {Int+3}
rElec   .          Harm     .   e - +2 cloak
rCorr   .          Rampage  .   (no gloves)
Will    +....                   (boots unavailable)
Stlth   ++........              (no amulet)
HPRegen 0.23/turn               l - ring of wizardry
MPRegen 0.00/turn               n - +6 ring of intelligence

@: spiked, gold aura, flying
A: sickness immunity, fire resistance 2, cold vulnerability 1, float, innate
caster, HP casting, extra vitality 1
a: Renounce Religion, Potion Petition, Call Merchant, Bribe Branch


You were on level 9 of the Dungeon.
You worshipped Gozag.
Gozag was most pleased with you.
You visited 1 branch of the dungeon, and saw 9 of its levels.
You also visited: Sewer, Ossuary and Bailey.

You collected 2448 gold pieces.
You spent 297 gold pieces at shops.

Inventory:

Hand Weapons
 a - a +2 dagger of venom
 b - a +2 trident of freezing (weapon)
 c - the +4 bardiche "Trog's Brutal Revenge" {elec, Int+7}
   (You found it in a bailey)

   It occasionally discharges a powerful burst of electricity upon striking a
   foe.
   Int:       It affects your intelligence (+7).
 w - a +2 vorpal battleaxe
 A - a +1 scythe of freezing
 F - a +4 battleaxe of freezing
 H - a +0 scimitar of electrocution
 O - a +3 dagger
Missiles
 i - 22 boomerangs
 L - 3 silver javelins
 N - 23 javelins
Armour
 d - a +3 leather armour of cold resistance (worn)
 e - a +2 cloak (worn)
 f - a +3 scale mail of positive energy
 h - a +2 hat of intelligence (worn)
Jewellery
 l - a ring of wizardry (left hand)
 n - a +6 ring of intelligence (right hand)
Wands
 s - a wand of iceblast (14)
 y - a wand of flame (15)
 G - a wand of polymorph (9)
Scrolls
 k - a scroll of immolation
 m - a scroll of magic mapping
 r - 3 scrolls of enchant weapon
 t - 2 scrolls of fear
 B - 2 scrolls of silence
 E - a scroll of fog
 J - a scroll of vulnerability {unknown}
 K - a scroll of teleportation {unknown}
Potions
 g - a potion of invisibility
 j - 4 potions of might
 o - a potion of cancellation {unknown}
 p - 4 potions of resistance
 q - a potion of heal wounds {unknown}
 u - 5 potions of curing
 v - 2 potions of mutation
 x - a potion of flight {unknown}
 z - 3 potions of berserk rage
 D - a potion of attraction {unknown}
 I - 2 potions of haste
 M - a potion of magic {unknown}


   Skills:
 * Level 6.8 Fighting
 - Level 4.0 Armour
 * Level 6.9 Dodging
 - Level 1.5 Stealth
 + Level 10.7 Spellcasting


You had 5 spell levels left.
You knew the following spells:

 Your Spells              Type           Power      Damage    Failure   Level
a - Airstrike             Air            33%        N/A       1%          4
b - Corpse Rot            Necr/Air       100%       N/A       1%          2
c - Animate Armour        Summ/Erth      100%       N/A       1%          4
d - Static Discharge      Conj/Air       67%        N/A       1%          2
f - Conjure Flame         Conj/Fire      67%        6-21      1%          3
w - Flame Wave            Conj/Fire      67%        2d12      1%          4
z - Foxfire               Conj/Fire      100%       2x1d9     1%          1
A - Apportation           Tloc           100%       N/A       1%          1
F - Scorch                Fire           100%       2d10      1%          2
K - Inner Flame           Hex/Fire       67%        N/A       1%          3
Your spell library was empty.

Dungeon Overview and Level Annotations

Branches:
Dungeon (9/15)             Temple (0/1) D:7           Sewer (visited)
Ossuary (visited)          Bailey (visited)
   Lair: D:8-11         Orc: D:9-12

Altars:
Gozag
Makhleb

Shops:
D:3 (   D:4 *

Annotations:
D:7 3 runed translucent doors, Sobaton's ghost, novice MiFi
D:9 Joseph


Innate Abilities, Weirdness & Mutations

You are immune to sickness and miasma.
You are immune to poison.
Your flesh is very heat resistant. (rF++)
You are vulnerable to cold. (rC-)
You float through the air rather than walking.
You learn spells naturally, not from books.
Your magical power is your life essence.
You have superior vitality. (+4 MHP)


Message History

The volley of spikes hits you.
The barbed spikes become lodged in your body.
Casting: Airstrike (safe; 1% risk of failure)
Confirm with . or Enter, or press ? or * to list all spells.
Aiming: Airstrike (safe; 1% risk of failure)
Press: ? - help, Dir - move target, f - manticore, p - centaur zombie
Aim: a manticore (heavily wounded, empty space bonus: 2/8)
The air twists around and strikes the manticore.
The manticore is severely wounded.
Casting: Airstrike (safe; 1% risk of failure)
Confirm with . or Enter, or press ? or * to list all spells.
Aiming: Airstrike (safe; 1% risk of failure)
Press: ? - help, Dir - move target, f - centaur zombie, p - manticore
Aim: a centaur zombie (heavily damaged, empty space bonus: 4/8)
The air twists around and strikes the centaur zombie!
The centaur zombie is almost destroyed.
Casting: Airstrike (safe; 1% risk of failure)
Confirm with . or Enter, or press ? or * to list all spells.
Aiming: Airstrike (safe; 1% risk of failure)
Press: ? - help, Dir - move target, f - manticore, p - centaur zombie
Aim: a manticore (severely wounded, empty space bonus: 1/8)
The air twists around and strikes the manticore!
The manticore is severely wounded.
The manticore flicks its tail.
The volley of spikes hits you!!
The barbed spikes become lodged in your body.
* * * LOW HITPOINT WARNING * * *
Casting: Airstrike (safe; 1% risk of failure)
Confirm with . or Enter, or press ? or * to list all spells.
Aiming: Airstrike (safe; 1% risk of failure)
Press: ? - help, Dir - move target, f/p - manticore
Aim: a manticore (severely wounded, empty space bonus: 1/8)
The air twists around and strikes the manticore!
The manticore is almost dead.
* * * LOW HITPOINT WARNING * * *
The manticore flicks its tail.
The volley of spikes hits you!
The barbed spikes become lodged in your body.
You die...
Your body crumbles into a pile of gold.

.....#
#.#####.#.#
.(.###
#.......#.#
...#
#########.#
##.# #.#
...# ###.#
##.# #...#
...# #.###
...# #.#
#..# #@#
...# [. #$#
#.####....
#H#
.........#
#Z###
...#####.
#.$.#
#..#####
#.#...J#
...##..
#.$.##...#
#..##.# #
##$#. ##o
#..##.##.#
...#


You could see a manticore and a centaur zombie.

Vanquished Creatures
  A kobold demonologist (D:8)
  A slime creature (D:9)
  Sigmund (D:4)
  4 yaks (D:9)
  A wyvern (D:8)
  Eustachio (D:4)
  Menkaure (Ossuary)
  2 steam dragons
  3 water moccasins
  A hornet zombie (D:7)
  Pargi (Sewer)
  12 orc warriors
  A sky beast (D:8)
  2 black bears
  4 necrophages
  2 ogres
  12 centaurs
  2 kobold brigands
  A wyvern zombie (D:7)
  6 bullfrogs
  A scorpion (D:5)
  A water moccasin skeleton (D:4)
  2 killer bees
  4 wights (D:6)
  A howler monkey (D:6)
  2 centaur zombies
  7 hounds
  3 orc priests
  A jelly (D:4)
  2 centaur skeletons
  2 iguanas
  8 orc wizards
  A hound zombie (D:5)
  A hound skeleton (D:4)
  3 mummies (Ossuary)
  A howler monkey zombie (D:8)
  4 gnolls (D:7)
  9 adders
  A shadow imp (D:6)
  An ufetubus (D:6)
  An adder zombie (D:5)
  2 adder skeletons (D:4)
  A worm (D:3)
  A dart slug (D:4)
  46 orcs
  6 ball pythons
  4 endoplasms
  4 gnoll zombies (Ossuary)
  14 goblins
  10 hobgoblins
  2 jackals (D:4)
  4 quokkas
  4 bats
  6 frilled lizards
  7 gnoll skeletons (Ossuary)
  2 goblin skeletons (Ossuary)
  6 goblin zombies (Ossuary)
  2 hobgoblin skeletons (Ossuary)
  6 hobgoblin zombies (Ossuary)
  8 kobolds
  6 kobold skeletons (Ossuary)
  2 kobold zombies (Ossuary)
  3 orc skeletons (Ossuary)
  4 orc zombies (Ossuary)
  7 rats
  5 rat skeletons (Ossuary)
  3 rat zombies (Ossuary)
280 creatures vanquished.

Vanquished Creatures (others)
  306 foxfires
306 creatures vanquished.

Grand Total: 586 creatures vanquished

Notes
Turn   | Place    | Note
-------+----------+-------------------------------------------
     0 | D:1      | Banquo the Djinni Fire Elementalist began the quest for the
                  | Orb.
     0 | D:1      | Reached XP level 1. HP: 15/15 MP: 0/0
   256 | D:1      | Found a faded altar of an unknown god.
   267 | D:1      | Prayed at the altar of an unknown god.
   267 | D:1      | Became a worshipper of Gozag Ym Sagoz the Greedy
   470 | D:1      | Reached XP level 2. HP: 18/22 MP: 0/0
  1268 | D:2      | Reached XP level 3. HP: 23/26 MP: 0/0
  1268 | D:2      | Learned a level 1 spell: Apportation
  1344 | D:2      | Reached skill level 3 in Spellcasting
  1707 | D:2      | Reached skill level 1 in Fighting
  1981 | D:3      | Noticed a black bear
  1989 | D:3      | Killed a black bear
  1990 | D:3      | Reached XP level 4. HP: 17/33 MP: 0/0
  1990 | D:3      | Reached XP level 5. HP: 20/38 MP: 0/0
  1990 | D:3      | Learned a level 2 spell: Static Discharge
  2010 | D:3      | Reached skill level 4 in Spellcasting
  2224 | D:3      | Found a glowing drain.
  2367 | Sewer    | Entered a sewer
  2413 | Sewer    | Noticed Pargi
  2530 | Sewer    | Killed Pargi
  2531 | Sewer    | Reached XP level 6. HP: 35/43 MP: 0/0
  2880 | D:3      | Found Noodaow's Weapon Boutique.
  3247 | D:4      | Reached skill level 5 in Spellcasting
  3258 | D:4      | Found a sand-covered staircase.
  3349 | Ossuary  | Entered an ossuary
  3355 | Ossuary  | Reached XP level 7. HP: 46/49 MP: 0/0
  3355 | Ossuary  | Learned a level 2 spell: Corpse Rot
  4315 | Ossuary  | Noticed Menkaure
  4408 | Ossuary  | Killed Menkaure
  4771 | D:4      | Noticed Sigmund
  4783 | D:4      | Killed Sigmund
  4784 | D:4      | Reached skill level 6 in Spellcasting
  4784 | D:4      | Reached XP level 8. HP: 41/56 MP: 0/0
  5141 | D:4      | Found Fosuad's General Store.
  5142 | D:4      | Noticed Eustachio
  5144 | D:4      | Bought a +3 leather armour of cold resistance for 264 gold
                  | pieces
  5208 | D:4      | Killed Eustachio
  5334 | D:4      | Reached skill level 1 in Armour
  5520 | D:4      | Bought a scroll of fog for 22 gold pieces
  5520 | D:4      | Bought a potion of degeneration for 11 gold pieces
  5539 | D:5      | Entered Level 5 of the Dungeon
  6154 | D:5      | Reached skill level 7 in Spellcasting
  6248 | D:5      | Reached XP level 9. HP: 54/62 MP: 0/0
  6248 | D:5      | Learned a level 4 spell: Airstrike
  7674 | D:6      | Reached skill level 8 in Spellcasting
  8236 | D:7      | Found a burning altar of Makhleb.
  8239 | D:7      | Reached skill level 5 in Fighting
  8366 | D:7      | Reached skill level 5 in Dodging
  8527 | D:7      | Reached XP level 10. HP: 62/70 MP: 0/0
  8857 | D:7      | Found a runed translucent gate.
  8858 | D:7      | Found a runed translucent gate.
  8859 | D:7      | Found a runed translucent gate.
  8861 | D:7      | Noticed Sobaton's ghost (novice MiFi)
  8891 | D:7      | Found a staircase to the Ecumenical Temple.
  9480 | D:8      | Noticed a kobold demonologist
  9607 | D:8      | Found a flagged portal.
  9614 | D:8      | Reached skill level 9 in Spellcasting
  9663 | D:8      | Noticed a rust devil
  9664 | D:8      | Killed a kobold demonologist
  9882 | Bailey   | Entered a bailey
 11454 | Bailey   | Reached skill level 10 in Spellcasting
 11454 | Bailey   | Reached XP level 11. HP: 54/76 MP: 0/0
 11454 | Bailey   | Learned a level 4 spell: Animate Armour
 11634 | Bailey   | Identified the +4 bardiche "Trog's Brutal Revenge" {elec,
                  | Int+7}
 12942 | D:9      | Noticed Joseph
 13290 | D:9      | Noticed a manticore
 13298 | D:9      | Killed from afar by a manticore

Illustrated notes

Levels and vault maps discovered:
D:1:      nzn_arrival_water_spiral, layout_loops_cross, basic_ecumenical_altar,
          minivault_25
D:2:      layout_rooms, amcnicky_mini_corridor_feature
D:3:      layout_basic, portal_sewer_entry_d, serial_shops,
          nicolae_shop_competitors_out_of_business, minmay_crystal_water
D:4:      layout_loops_ring, enter_ossuary_2, serial_shops,
          nicolae_shop_window_shopping, uniq_sigmund, uniq_eustachio
D:5:      layout_basic
D:6:      layout_cave_pools, kennysheep_generic_room_2
D:7:      layout_loops_ring, makhleb_blood_cavern_becter, temple_fountains,
          ebering_ghost_rock_garden
D:8:      layout_loops_ring, enter_bailey_3, minmay_joined_circles
D:9:      layout_loops_cross, minmay_alternating_orb, uniq_joseph

Skill      XL: |  1  2  3  4  5  6  7  8  9 10 |
---------------+-------------------------------+-----
Spellcasting   | 3 4 5 6 7 8 10 | 10.7
Fighting       | 1 2 3 4 5 6 |  6.8
Dodging        | 3 5 6 |  6.9
Armour         | 2 3 4 |  4.0
Stealth        | |  1.5

Action                   |  1- 3 |  4- 6 |  7- 9 | 10-12 || total
-------------------------+-------+-------+-------+-------++-------
Melee: Dagger            |       |     3 |       |       ||     3
       Rapier            |       |       |     7 |       ||     7
       Trident           |       |       |       |    14 ||    14
 Cast: Foxfire           |    56 |    38 |    87 |    15 ||   196
       Scorch            |    15 |    26 |    96 |    22 ||   159
       Conjure Flame     |       |       |    13 |     5 ||    18
       Airstrike         |       |       |    47 |   146 ||   193
Evoke: Wand              |       |       |     1 |       ||     1
  Use: Scroll            |       |       |    13 |     3 ||    16
Armor: Robe              |     2 |       |       |       ||     2
       Leather armour    |       |       |     5 |     9 ||    14
Dodge: Dodged            |     3 |     2 |    10 |    21 ||    36
